 Dungeon Crawl Stone Soup version 0.30-a0-511-g0d9051e15b (webtiles) character file.

Game seed: 11537825750946768517

6275 Decritt the Fighter (level 11, -3/84 HPs)
             Began as a Djinni Hedge Wizard on Dec 23, 2022.
             Was a Follower of Makhleb.
             Slain by a very large slime creature (36 damage)
             ... on level 10 of the Dungeon.
             The game lasted 00:27:13 (11272 turns).

Decritt the Fighter (Djinni Hedge Wizard)          Turns: 11272, Time: 00:27:14

Health: -3/84      AC: 11    Str:  9    XL:     11   Next: 15%
Gold:   532        EV: 29    Int: 21    God:    Makhleb [*.....] SH: 10 Dex: 18

rFire   + + .      SeeInvis .    o - +11 sling of Hubris {drain, Fragile Fly rN+}
rCold   x . .      Faith    .    y - +0 kite shield
rNeg    + . .      Spirit   .    b - +0 robe
rPois   ∞          Reflect  .    A - +0 helmet
rElec   .          Harm     .    q - +0 cloak
rCorr   .          Rampage  .    k - +1 pair of gloves
Will    +....                    (boots unavailable)
Stlth   ++........               t - amulet of the acrobat
HPRegen 0.34/turn                p - +6 ring of dexterity
MPRegen 0.00/turn                z - +4 ring of protection

@: acrobatic, flying
A: sickness immunity, fire resistance 2, cold vulnerability 1, float, innate
caster, HP casting, extra vitality 1
a: Renounce Religion


You were on level 10 of the Dungeon.
You worshipped Makhleb.
Makhleb was aware of your devotion.
You visited 2 branches of the dungeon, and saw 11 of its levels.

You collected 532 gold pieces.

Inventory:

Hand Weapons
 o - the +11 sling of Hubris (weapon) {drain, Fragile Fly rN+}
   (You found it on level 4 of the Dungeon)

   A truly terrible weapon, it drains the life of any living foe it strikes.
   rN:        It protects you from negative energy.
   Fly:       It grants you flight.
   Fragile:   It will be destroyed if unequipped.
Armour
 b - a +0 robe (worn)
 k - a +1 pair of gloves (worn)
 q - a +0 cloak (worn)
 s - a +0 buckler
 y - a +0 kite shield (worn)
 A - a +0 helmet (worn)
Magical Staves
 d - a staff of cold
Jewellery
 p - a +6 ring of dexterity (left hand)
 t - an amulet of the acrobat (around neck)
 w - a +6 ring of strength
 z - a +4 ring of protection (right hand)
Wands
 n - a wand of digging (5)
Scrolls
 g - 5 scrolls of teleportation
 l - a scroll of poison
 r - a scroll of magic mapping {unknown}
 x - 2 scrolls of blinking
Potions
 a - 2 potions of haste
 c - a potion of degeneration {unknown}
 e - 2 potions of mutation
 f - a potion of cancellation
 h - 2 potions of brilliance
 i - a potion of lignification
 j - 3 potions of curing
 m - 5 potions of heal wounds
 u - a potion of attraction {unknown}
 v - a potion of resistance


   Skills:
 * Level 9.5 Fighting
 + Level 5.5 Armour
 + Level 6.6 Dodging
 - Level 1.5 Stealth
 + Level 3.7 Shields
 * Level 7.8 Spellcasting


You had one spell level left.
You knew the following spells:

 Your Spells              Type           Power      Damage    Failure   Level
a - Searing Ray           Conj           80%        2d7       1%          2
b - Mephitic Cloud        Conj/Pois/Air  40%        N/A       3%          3
c - Inner Flame           Hex/Fire       40%        N/A       3%          3
d - Call Imp              Summ           40%        N/A       1%          2
e - Blink                 Tloc           80%        N/A       1%          2
f - Cigotuvi's Dreadful   Necr/Pois/Air  80%        N/A       1%          2
g - Summon Small Mammal   Summ           100%       N/A       1%          1
h - Magic Dart            Conj           100%       1d8       1%          1
i - Wereblood             Tmut           40%        N/A       1%          2
j - Slow                  Hex            100%       N/A       1%          1
k - Silence               Hex/Air        20%        N/A       26%         5
Your spell library was empty.

Dungeon Overview and Level Annotations

Branches:
Dungeon (10/15)            Temple (1/1) D:6            Lair (0/5) D:10
    Orc: D:9-12

Altars:
Ashenzari
Cheibriados
Dithmenos
Elyvilon
Fedhas
Gozag
Makhleb
Nemelex Xobeh
Okawaru
Qazlal
Ru
Trog
Uskayaw
Wu Jian
Xom
Yredelemnul
Zin
The Shining One

Shops:
D:5 =

Annotations:
D:3 3 runed translucent doors, degerharde's ghost, amateur MiFi
D:6 2 transporters, degerharde's ghost, novice MiFi
D:10 1 runed translucent door, flinch's ghost, journeyman DjFE


Innate Abilities, Weirdness & Mutations

You are immune to sickness and miasma.
You are immune to poison.
Your flesh is very heat resistant. (rF++)
You are vulnerable to cold. (rC-)
You float through the air rather than walking.
You learn spells naturally, not from books.
Your magical power is your life essence.
You have superior vitality. (+4 MHP)


Message History

The searing ray hits the slime creature!
The slime creature is heavily wounded.
* * * LOW HITPOINT WARNING * * *
The slime creature's inner flame fades away.
The slime creature is engulfed in blazing flames.
You kill the slime creature!
Makhleb accepts your kill.
The searing ray hits the wyvern!
You kill the wyvern!
Makhleb accepts your kill.
You can now gain health from killing.
The searing ray hits the slime creature.
The slime creature is heavily wounded.
* * * LOW HITPOINT WARNING * * *
You finish channelling your searing ray.
Two slime creatures merge to form a very large slime creature.
You see here a +0 chain mail.
Casting: Searing Ray (safe; 1% risk of failure)
Confirm with . or Enter, or press ? or * to list all spells.
Aiming: Inner Flame (mildly dangerous; 3% risk of failure)
Press: ? - help, Dir - move target, f - very large slime creature
Aim: a very large slime creature (moderately wounded, chance to affect: 78%)
The very large slime creature is filled with an inner flame.
* * * LOW HITPOINT WARNING * * *
Casting: Inner Flame (mildly dangerous; 3% risk of failure)
Confirm with . or Enter, or press ? or * to list all spells.
Aiming: Searing Ray (safe; 1% risk of failure)
Press: ? - help, Shift-Dir - straight line, f/p - very large slime creature
Aim: a very large slime creature (moderately wounded, inner flame, 96% to hit)
The searing ray hits the very large slime creature.
Flame seeps out of the very large slime creature.
The very large slime creature is moderately wounded. (Press . to maintain the ray.)
* * * LOW HITPOINT WARNING * * *
The very large slime creature is engulfed in blazing flames.
Flame seeps out of the very large slime creature.
The very large slime creature attacks as you move away!
You block the very large slime creature's attack.
The very large slime creature attacks as you move away!
The very large slime creature hits you!!!
You die...

# #..# ####. #.## .... #.#
#.#####+###### #####.####
.............####......>.#
.............'.##..°.(...#
.............#.##.[......#
.............#..#J.......#
.............##.@..>.....#
.............####........#
.............# #######.##
.............# #...).#
.............# #.#####
######'####### ###'#######
#.# #.).#.....# #.#
###.#.###.# ###.#
#.......#.#


You could see a very large slime creature (inner flame).

Vanquished Creatures
  An ugly thing (D:9)
  Maggie (D:7)
  Psyche (D:10)
  A hornet (D:8)
  A slime creature (D:10)
  A wyvern (D:10)
  3 yaks (D:9)
  Edmund (D:5)
  2 acid dragons
  2 water moccasins
  An orc warrior (D:5)
  2 sky beasts
  An ice beast (D:7)
  A black bear (D:6)
  An ogre (D:5)
  2 centaurs
  2 kobold brigands
  3 bullfrogs
  4 scorpions
  2 gnoll sergeants (D:9)
  3 necrophages
  17 wights
  3 killer bees (D:8)
  6 electric eels (D:5)
  A crimson imp (D:8)
  3 jellies
  5 hounds
  3 orc priests (D:8)
  Crazy Yiuf (D:5)
  2 gnoll boudas
  2 iguanas
  3 orc wizards
  18 gnolls
  7 adders
  A shadow imp (D:5)
  2 white imps
  An ufetubus (D:6)
  3 worms
  A dart slug (D:3)
  14 orcs
  4 ball pythons
  3 endoplasms
  A giant cockroach (D:4)
  10 hobgoblins
  9 jackals
  7 bats
  3 frilled lizards
  8 goblins
  21 kobolds
  A rat (D:1)
196 creatures vanquished.

Vanquished Creatures (collateral kills)
  Terence (D:2)
  A gnoll (D:3)
  An adder (D:2)
  3 jackals (D:2)
6 creatures vanquished.

Vanquished Creatures (others)
  17 plants
17 creatures vanquished.

Grand Total: 219 creatures vanquished

Notes
Turn   | Place    | Note
-------+----------+-------------------------------------------
     0 | D:1      | Decritt the Djinni Hedge Wizard began the quest for the
                  | Orb.
     0 | D:1      | Decritt set off with the following spells memorised: Magic
                  | Dart, Slow, Blink, Call Imp, Cigotuvi's Dreadful Rot,
                  | Mephitic Cloud.
     0 | D:1      | Reached XP level 1. HP: 15/15 MP: 0/0
    46 | D:1      | Reached skill level 1 in Fighting
    46 | D:1      | Reached XP level 2. HP: 8/22 MP: 0/0
   334 | D:1      | Found a faded altar of an unknown god.
   503 | D:1      | Reached XP level 3. HP: 23/27 MP: 0/0
   503 | D:1      | Learned a level 1 spell: Summon Small Mammal
  1168 | D:2      | Reached skill level 2 in Fighting
  1217 | D:2      | Noticed Terence
  1282 | D:2      | Killed Terence
  1283 | D:2      | Reached XP level 4. HP: 27/34 MP: 0/0
  1745 | D:2      | Reached XP level 5. HP: 34/40 MP: 0/0
  1745 | D:2      | Learned a level 2 spell: Searing Ray
  2089 | D:3      | Reached skill level 3 in Fighting
  2403 | D:3      | Found a runed translucent gate.
  2403 | D:3      | Found a runed translucent gate.
  2403 | D:3      | Found a runed translucent gate.
  2403 | D:3      | Identified the +11 whip of Naryngis {distort, rN+ MP+9 SInv
                  | Stlth-}
  2405 | D:3      | Noticed degerharde's ghost (amateur MiFi)
  3045 | D:4      | Reached XP level 6. HP: 15/47 MP: 0/0
  3283 | D:4      | Reached skill level 4 in Fighting
  3503 | D:4      | Identified the +11 sling of Hubris {drain, Fragile Fly rN+}
  3911 | D:5      | Entered Level 5 of the Dungeon
  4010 | D:5      | Reached XP level 7. HP: 53/53 MP: 0/0
  4010 | D:5      | Learned a level 2 spell: Wereblood
  4011 | D:5      | Found a glowing golden altar of the Shining One.
  4101 | D:5      | Reached skill level 5 in Fighting
  4108 | D:5      | Found a stormy altar of Qazlal.
  4151 | D:5      | Reached skill level 1 in Armour
  4210 | D:5      | Reached XP level 8. HP: 40/59 MP: 0/0
  4277 | D:5      | Found Qyipyipt's Jewellery Shop.
  4319 | D:5      | Found a white marble altar of Elyvilon.
  4480 | D:5      | Noticed Edmund
  4493 | D:5      | Killed Edmund
  4494 | D:5      | Reached skill level 5 in Spellcasting
  5086 | D:5      | Reached skill level 6 in Fighting
  5647 | D:5      | Found a runed translucent door.
  5648 | D:5      | Noticed Crazy Yiuf
  5689 | D:5      | Found a blossoming altar of Fedhas.
  5746 | D:5      | Killed Crazy Yiuf
  5893 | D:6      | Reached XP level 9. HP: 59/67 MP: 0/0
  5893 | D:6      | Learned a level 3 spell: Inner Flame
  6155 | D:6      | Found a transporter.
  6155 | D:6      | Noticed a gargoyle
  6156 | D:6      | Noticed degerharde's ghost (novice MiFi)
  6180 | D:6      | Reached skill level 7 in Fighting
  6801 | D:6      | Found a transporter.
  6803 | D:6      | Found a staircase to the Ecumenical Temple.
  6810 | Temple   | Entered the Ecumenical Temple
  7372 | D:7      | Reached skill level 5 in Dodging
  7417 | D:7      | Found a hide-covered altar of Uskayaw.
  7531 | D:7      | Noticed Maggie
  7838 | D:7      | Killed Maggie
  7839 | D:7      | Reached skill level 8 in Fighting
  7839 | D:7      | Reached skill level 1 in Shields
  7839 | D:7      | Reached XP level 10. HP: 41/76 MP: 0/0
  8356 | D:8      | Found a bloodstained altar of Trog.
  8362 | D:8      | Found a sparkling altar of Nemelex Xobeh.
  8364 | D:8      | Found an opulent altar of Gozag.
  9251 | D:8      | Found a shimmering altar of Xom.
  9251 | D:8      | Found a burning altar of Makhleb.
  9258 | D:8      | Became a worshipper of Makhleb the Destroyer
  9777 | D:9      | Found an ornate altar of the Wu Jian Council.
  9874 | D:9      | Reached skill level 5 in Armour
  9877 | D:9      | Reached skill level 9 in Fighting
 10062 | D:9      | Noticed a purple ugly thing
 10069 | D:9      | Killed a purple ugly thing
 10196 | D:9      | Found a sacrificial altar of Ru.
 10323 | D:9      | Found a glowing silver altar of Zin.
 10323 | D:9      | Noticed an angel
 10380 | D:9      | Found the +7 captain's cutlass {speed, disarm}
 10593 | D:10     | Entered Level 10 of the Dungeon
 10594 | D:10     | Noticed Psyche
 10599 | D:10     | Killed Psyche
 10600 | D:10     | Reached XP level 11. HP: 65/84 MP: 0/0
 10600 | D:10     | Learned a level 5 spell: Silence
 10704 | D:10     | Reached * piety under Makhleb
 10901 | D:10     | Noticed flinch's ghost (journeyman DjFE)
 10901 | D:10     | Identified the +3 trident "Asitaeti" {drain, rPois}
 10903 | D:10     | Found a runed translucent door.
 11097 | D:10     | Found a staircase to the Lair.
 11272 | D:10     | Slain by a very large slime creature

Illustrated notes

Levels and vault maps discovered:
D:1:      lightli_molten_gateway, layout_basic,
          hellmonk_ecumenical_altar_pennies_from_heaven
D:2:      layout_loops_ring, roderic_lattice_a, uniq_terence
D:3:      layout_loops_ring, biasface_ghost_orc_armoury
D:4:      layout_basic, glass_columns_a
D:5:      cheibrodos_two_vegetables, layout_rooms, old_standard_altar,
          nicolae_elyvilon_temple_path, fedhas_altar_4, grunt_qazlal_clouds,
          lemuel_round_altar, serial_shops, shop, patterned_corridor,
          uniq_edmund, uniq_crazy_yiuf_cottage
D:6:      layout_gridville, temple_statues, gammafunk_ghost_arena
D:7:      layout_basic, kennysheep_little_box, uniq_maggie
D:8:      layout_basic, grunt_temple_overflow_champion_of_chaos, minitemple,
          mainiacjoe_overflow_tiny_flanked
D:9:      layout_long_grid, nzn_wu_jian_contemplation, zin_angel,
          nicolae_ru_great_annihilating_truth, grunt_ministairs_2,
          kennysheep_minor_cross
D:10:     layout_roguey, mainiacjoe_overflow_surrounded_room, lair_entry_dummy,
          ebering_ghost_funeral_grove, dk_noncrumbling_3, serial_park_tiny_2,
          minmay_misc_feat_diagonals, uniq_psyche
Temple:   hellmonk_temple_flake

Skill      XL: |  1  2  3  4  5  6  7  8  9 10 |
---------------+-------------------------------+-----
Fighting       | 1 2 3 4 5 6 8 9 |  9.5
Spellcasting   | 3 4 5 6 7 |  7.8
Armour         | 1 2 4 5 |  5.5
Dodging        | 4 5 6 |  6.6
Shields        | 1 3 |  3.7
Stealth        | |  1.5

Action                   |  1- 3 |  4- 6 |  7- 9 | 10-12 || total
-------------------------+-------+-------+-------+-------++-------
Melee: Dagger            |     1 |       |       |       ||     1
 Fire: Sling             |       |    13 |   155 |    76 ||   244
 Cast: Magic Dart        |    77 |    79 |       |       ||   156
       Call Imp          |     6 |     5 |     1 |       ||    12
       Slow              |     5 |     4 |       |       ||     9
       Searing Ray       |       |    18 |     1 |    18 ||    37
       Mephitic Cloud    |       |     7 |       |       ||     7
       Inner Flame       |       |       |    28 |    41 ||    69
  Use: Scroll            |       |    15 |     5 |     2 ||    22
       Potion            |       |       |     1 |       ||     1
Armor: Robe              |     7 |       |     8 |     2 ||    17
Dodge: Dodged            |    27 |    16 |    49 |    30 ||   122
Block: Buckler           |       |       |       |     5 ||     5
       Kite shield       |       |       |       |     9 ||     9

Table legend: (Time is in decaauts)
 A = Elapsed time spent in this place.
 B = Non-inter-level travel time spent in this place.
 C = Inter-level travel time spent in this place.
 D = Time resting spent in this place.
 E = Time spent auto-exploring this place.
 F = Levels seen in this place.
 G = Mean time per level.
                   A        B        C        D        E       F      G
               +--------+--------+--------+--------+--------+-----+--------+
         Total |  11372 |  11074 |    298 |   2752 |   6690 |  11 | 1033.8 |
       Dungeon |  11223 |  10935 |    288 |   2752 |   6557 |  10 | 1122.3 |
        Temple |    149 |    139 |     10 |      0 |    133 |   1 |  149.0 |
               +--------+--------+--------+--------+--------+-----+--------+

Top non-repeatable levels by time:
     D:5: 1863 daAuts
     D:8: 1330 daAuts
     D:6: 1220 daAuts
     D:7: 1171 daAuts
     D:1: 1116 daAuts
     D:4: 1112 daAuts
     D:9: 950 daAuts
     D:2: 936 daAuts
     D:3: 838 daAuts
    D:10: 683 daAuts
  Temple: 149 daAuts
